 Dungeon Sprint DCSS version 0.18-b1-16-g289874d (webtiles) character file.

18846 otab the Fencer (level 12, -8/102 HPs)
             Began as a Demonspawn Fighter on May 1, 2016.
             Was the Champion of Okawaru.
             Mangled by a white very ugly thing (42 damage)
             ... in the Dungeon (Sprint IX: "|||||||||||||||||||||||||||||").
             The game lasted 00:06:41 (3101 turns).

otab the Fencer (Demonspawn Fighter)                Turns: 3101, Time: 00:06:41

Health: -8/102     AC: 27    Str: 30    XL:     12   Next: 31%
Magic:  7/7        EV: 24    Int:  6    God:    Okawaru [******]
Gold:   1298       SH: 16    Dex: 17    Spells: 0 memorised, 11 levels left

rFire  + + .     SeeInvis .     J - +6 scimitar of Compound Interest {antimagic, Str+5 Dex+2}
rCold  . . .     Gourm    .     L - +1 fire dragon armour
rNeg   . . .     Faith    .     c - +0 shield
rPois  +         Spirit   .     D - +0 helmet
rElec  .         Dismiss  .     M - +1 cloak
rCorr  +         Reflect  .     K - +0 pair of gloves "Zaddohodd" {rPois rCorr Int-4 Dex+3}
SustAt .         Harm     .     (no boots)
MR     .....     NoTele   +     I - amulet of regeneration
Stlth  ++........               t - +2 ring of evasion
                                u - +2 ring of evasion

@: mighty, heroism, not resistant to hostile enchantments, unstealthy
A: claws 2, rough black scales 2, cold resistance 1, powered by pain 1
a: Heroism, Finesse, Renounce Religion


You were in the Dungeon.
You worshipped Okawaru.
Okawaru was exalted by your worship.
You were not hungry.

You visited 1 branch You collected 1910 gold pieces.
You spent 612 gold pieces at shops.

Inventory:

Hand Weapons
 E - the +9 long sword of Jimoef {antimagic, *Confuse rF+ Int+8 SInv}
   (Okawaru gifted it to you in the Dungeon)

   It disrupts the flow of magical energy around spellcasters and certain
   magical creatures (including the wielder).
   It affects your intelligence (+8).
   It protects you from fire.
   It lets you see invisible.
   It may confuse you when you take damage.
 J - the +6 scimitar of Compound Interest (weapon) {antimagic, Str+5 Dex+2}
   (You found it in the Dungeon)

   It disrupts the flow of magical energy around spellcasters and certain
   magical creatures (including the wielder).
   It affects your strength (+5).
   It affects your dexterity (+2).
Armour
 a - the +0 scale mail of Decompression {Int+3 Dex+2}
   (You bought it in a shop in the Dungeon)

   It affects your intelligence (+3).
   It affects your dexterity (+2).
 c - a +0 shield (worn)
 s - a +0 plate armour
 D - a +0 helmet (worn)
 K - the +0 pair of gloves "Zaddohodd" (worn) {rPois rCorr Int-4 Dex+3}
   (You found it in the Dungeon)

   It affects your intelligence (-4).
   It affects your dexterity (+3).
   It protects you from poison.
   It protects you from acid and corrosion.
 L - a +1 fire dragon armour (worn)
 M - a +1 cloak (worn)
Jewellery
 t - a +2 ring of evasion (right hand)
 u - a +2 ring of evasion (left hand)
 F - an uncursed ring of fire
 G - an uncursed ring of protection from magic
 H - an uncursed ring of protection from fire
 I - an amulet of regeneration (around neck)
Wands
 f - a wand of random effects (33/48)
 o - a wand of acid (0/15)
Scrolls
 k - 4 scrolls of blinking
 m - 3 scrolls of remove curse
 n - 2 scrolls of amnesia
 p - 2 scrolls of enchant weapon
 q - 2 scrolls of recharging
 v - 2 scrolls of fog
 x - a scroll of fear
 y - 2 scrolls of identify
Potions
 b - a potion of agility
 d - a potion of might
 e - a potion of invisibility
 g - 6 potions of heal wounds
 h - 3 potions of haste
 i - 4 potions of magic
 j - 2 potions of berserk rage
 l - 5 potions of curing
 z - 2 potions of flight
Comestibles
 A - 40 fruits
 B - 12 bread rations
 C - 11 meat rations


   Skills:
 + Level 12.1(17.1) Fighting
 * Level 16.9(21.9) Long Blades
 + Level 10.8(15.8) Armour
 + Level 8.4(13.4) Dodging
 - Level 1.2(6.2) Stealth
 + Level 12.9(17.9) Shields
 * Level 14.6 Invocations


You had 11 spell levels left.
You didn't know any spells.

Dungeon Overview and Level Annotations

Branches:
Dungeon (1/1)

Altars:
Cheibriados
Dithmenos
Elyvilon
Fedhas
Gozag
Kikubaaqudgha
Makhleb
Nemelex Xobeh
Okawaru
Pakellas
Qazlal
Ru
Sif Muna
Trog
Vehumet
Xom
Yredelemnul
Zin
The Shining One
Beogh
Jiyva
Lugonu

Shops:
D ?**%


Innate Abilities, Weirdness & Mutations

You have very sharp fingernails.
You are mostly covered in rough black scales (AC +7, Dex -2).
Your flesh is cold resistant.
You sometimes gain a little power by taking damage.


Message History

The rakshasa misses you.
Unknown command.
You slice the white very ugly thing!!
The white very ugly thing is almost dead.
The white very ugly thing stings you.
The white very ugly thing freezes you!!!
* * * LOW HITPOINT WARNING * * *
The rakshasa weaves an illusion.
Unknown command.
You are too injured to fight recklessly!
Unknown command.
You are too injured to fight recklessly!
Unknown command.
You are too injured to fight recklessly!
Unknown command.
You are too injured to fight recklessly!
Drink which item? (? for menu, Esc to quit)
You feel much better. The white very ugly thing stings you.
The white very ugly thing freezes you!!!
You die...

▓▓▓▓▓▓▓▓▓▓▓▓▓▓▓▓▓▓▓▓▓▓▓▓
.[[[[[.....(..R.@uuRRJJ.
▓▓▓▓▓▓▓▓▓▓▓▓▓▓▓▓▓▓▓▓▓▓▓▓▓▓▓▓▓▓▓▓▓
...............................).
▓▓▓▓▓▓▓▓▓▓▓▓▓▓▓▓▓▓▓▓▓▓▓▓▓▓▓▓▓▓▓▓▓
.)))))))...(..))[)(.∩.∩.∩)∩)....'
▓▓▓▓▓▓▓▓▓▓▓▓▓▓▓▓▓▓▓▓▓▓▓▓▓▓▓▓▓▓▓▓▓
....................)............
▓▓▓▓▓▓▓▓▓▓▓▓▓▓▓▓▓▓▓▓▓▓▓▓▓▓▓▓▓▓▓▓▓
.....÷÷........†...........['..[.


You could see a white very ugly thing, a red ugly thing, 3 rakshasas and 2
jellies.

Vanquished Creatures
  2 stone giants (D)
  A hydra (D)
  A catoblepas (D)
  3 ogre magi (D)
  Sonja (D)
  5 hill giants (D)
  2 deep trolls (D)
  2 orc knights (D)
  2 ugly things (D)
  An orc sorcerer (D)
  2 manticores (D)
  3 spiny frogs (D)
  An efreet (D)
  6 komodo dragons (D)
  5 trolls (D)
  3 blink frogs (D)
  A giant leech (D)
  A wraith (D)
  Grum (D)
  3 vampire mosquitoes (D)
  A water moccasin (D)
  4 porcupines (D)
  10 orc warriors (D)
  An ice beast (D)
  3 wolves (D)
  3 giant frogs (D)
  A scorpion (D)
  A wight (D)
  A crimson imp (D)
  2 orc priests (D)
  A jelly (D)
  3 orc wizards (D)
  A hound (D)
  2 iguanas (D)
  2 worker ants (D)
  2 adders (D)
  A river rat (D)
  A giant gecko (D)
  6 orcs (D)
  A bat (D)
  A hobgoblin (D)
  A quokka (D)
  2 rats (D)
97 creatures vanquished.

Vanquished Creatures (others)
  An orc wizard (D)
  A giant gecko zombie (D)
2 creatures vanquished.

Grand Total: 99 creatures vanquished

Notes
Turn   | Place    | Note
--------------------------------------------------------------
     0 | D        | otab the Demonspawn Fighter began the quest for the Orb.
     0 | D        | Reached XP level 1. HP: 18/18 MP: 1/1
    20 | D        | Reached skill level 2 in Long Blades
   156 | D        | Noticed a worker ant
   156 | D        | Noticed a hound
   156 | D        | Noticed a crimson imp
   156 | D        | Noticed an iguana
   167 | D        | Killed a worker ant
   167 | D        | Gained mutation: You have sharp fingernails. [demonic ancestry]
   167 | D        | Reached XP level 2. HP: 26/26 MP: 2/2
   167 | D        | Reached XP level 3. HP: 31/31 MP: 3/3
   181 | D        | Reached skill level 1 in Dodging
   193 | D        | Gained mutation: Your flesh is cold resistant. [demonic ancestry]
   193 | D        | Reached XP level 4. HP: 28/38 MP: 4/4
   196 | D        | Reached skill level 5 in Fighting
   196 | D        | Reached skill level 3 in Long Blades
   196 | D        | Reached skill level 5 in Shields
   340 | D        | Found a glowing silver altar of Zin.
   340 | D        | Found a glowing golden altar of the Shining One.
   340 | D        | Found an ancient bone altar of Kikubaaqudgha.
   340 | D        | Found a basalt altar of Yredelemnul.
   340 | D        | Found a shimmering altar of Xom.
   340 | D        | Found a radiant altar of Vehumet.
   341 | D        | Found an iron altar of Okawaru.
   342 | D        | Found a burning altar of Makhleb.
   343 | D        | Found a deep blue altar of Sif Muna.
   344 | D        | Found a bloodstained altar of Trog.
   345 | D        | Found a sparkling altar of Nemelex Xobeh.
   346 | D        | Found a white marble altar of Elyvilon.
   347 | D        | Found a roughly hewn altar of Beogh.
   348 | D        | Found a viscous altar of Jiyva.
   349 | D        | Found a corrupted altar of Lugonu.
   351 | D        | Became a worshipper of Warmaster Okawaru
   353 | D        | Found a blossoming altar of Fedhas.
   354 | D        | Found a snail-covered altar of Cheibriados.
   355 | D        | Found a shadowy altar of Dithmenos.
   356 | D        | Found a stormy altar of Qazlal.
   357 | D        | Found an opulent altar of Gozag.
   358 | D        | Found a sacrificial altar of Ru.
   359 | D        | Found an oddly glowing altar of Pakellas.
   400 | D        | Noticed a wraith
   400 | D        | Noticed a troll
   402 | D        | Reached skill level 5 in Armour
   402 | D        | Reached XP level 5. HP: 44/44 MP: 5/5
   413 | D        | Killed a wraith
   413 | D        | Reached skill level 4 in Long Blades
   413 | D        | Reached skill level 1 in Stealth
   413 | D        | Gained mutation: You sometimes gain a little power by taking damage. [demonic ancestry]
   413 | D        | Reached XP level 6. HP: 49/52 MP: 6/6
   417 | D        | Reached skill level 5 in Long Blades
   421 | D        | Killed a troll
   421 | D        | Reached * piety under Okawaru
   421 | D        | Reached skill level 6 in Long Blades
   421 | D        | Reached skill level 5 in Dodging
   421 | D        | Gained mutation: You are partially covered in rough black scales (AC +4, Dex -1). [demonic ancestry]
   421 | D        | Reached XP level 7. HP: 45/59 MP: 7/7
   740 | D        | Noticed a hill giant
   740 | D        | Noticed a brown ugly thing
   740 | D        | Noticed a vampire mosquito
   753 | D        | Killed a hill giant
   753 | D        | Reached ** piety under Okawaru
   753 | D        | Reached skill level 7 in Long Blades
   753 | D        | Reached XP level 8. HP: 28/68 MP: 7/11
   772 | D        | Killed a brown ugly thing
   772 | D        | Reached skill level 8 in Long Blades
   772 | D        | Reached skill level 5 in Invocations
   779 | D        | Reached skill level 9 in Long Blades
  1035 | D        | Noticed a komodo dragon
  1035 | D        | Noticed a komodo dragon
  1035 | D        | Noticed a four-headed hydra
  1038 | D        | Noticed a spiny frog
  1042 | D        | Noticed a komodo dragon
  1044 | D        | Killed a komodo dragon
  1044 | D        | Reached XP level 9. HP: 74/75 MP: 12/14
  1047 | D        | Reached *** piety under Okawaru
  1049 | D        | Killed a komodo dragon
  1049 | D        | Reached skill level 10 in Long Blades
  1055 | D        | Killed a one-headed hydra
  1057 | D        | Reached **** piety under Okawaru
  1060 | D        | Killed a spiny frog
  1060 | D        | Reached skill level 11 in Long Blades
  1064 | D        | Killed a komodo dragon
  1158 | D        | Noticed a komodo dragon
  1158 | D        | Noticed a catoblepas
  1166 | D        | Noticed a spiny frog
  1169 | D        | Killed a komodo dragon
  1169 | D        | Reached skill level 10 in Shields
  1169 | D        | Gained mutation: You are mostly covered in rough black scales (AC +7, Dex -2). [demonic ancestry]
  1169 | D        | Reached XP level 10. HP: 69/83 MP: 14/17
  1208 | D        | Killed a catoblepas
  1208 | D        | Reached skill level 10 in Fighting
  1208 | D        | Reached skill level 12 in Long Blades
  1208 | D        | Reached skill level 10 in Invocations
  1221 | D        | Killed a spiny frog
  1221 | D        | Reached ***** piety under Okawaru
  1396 | D        | Noticed a spiny frog
  1412 | D        | Killed a spiny frog
  1432 | D        | Reached skill level 13 in Long Blades
  1574 | D        | Noticed Sonja
  1578 | D        | Killed Sonja
  1942 | D        | Noticed an orc knight
  1961 | D        | Killed an orc knight
  1961 | D        | Gained mutation: You have very sharp fingernails. [demonic ancestry]
  1961 | D        | Reached XP level 11. HP: 62/92 MP: 19/19
  2172 | D        | Noticed an orc sorcerer
  2180 | D        | Killed an orc sorcerer
  2180 | D        | Reached skill level 14 in Long Blades
  2181 | D        | Noticed an orc knight
  2211 | D        | Killed an orc knight
  2216 | D        | Reached ****** piety under Okawaru
  2332 | D        | Found Cuyrisuk's Magic Scroll Emporium.
  2332 | D        | Noticed a hill giant
  2332 | D        | Noticed a deep troll
  2332 | D        | Noticed an ogre mage
  2332 | D        | Noticed a hill giant
  2339 | D        | Reached skill level 10 in Armour
  2342 | D        | Killed a hill giant
  2348 | D        | Killed a deep troll
  2349 | D        | Found Bucaad's Assorted Antiques.
  2354 | D        | Noticed a deep troll
  2355 | D        | Killed an ogre mage
  2355 | D        | Received a gift from Okawaru
  2355 | D        | Reached skill level 15 in Long Blades
  2357 | D        | Noticed a stone giant
  2361 | D        | Killed a hill giant
  2373 | D        | Killed a deep troll
  2374 | D        | Found Puup's Assorted Antiques.
  2379 | D        | Killed a stone giant
  2386 | D        | Found Mevvej's Food Shoppe.
  2390 | D        | Noticed an ogre mage
  2391 | D        | Noticed a hill giant
  2391 | D        | Noticed an ogre mage
  2414 | D        | Killed a hill giant
  2414 | D        | Reached skill level 16 in Long Blades
  2418 | D        | Killed an ogre mage
  2418 | D        | Received a gift from Okawaru
  2422 | D        | Killed an ogre mage
  2422 | D        | Reached XP level 12. HP: 25/102 MP: 20/22
  2496 | D        | Got a crude long sword {god gift}
  2497 | D        | Identified the +9 long sword of Jimoef {antimagic, *Confuse rF+ Int+8 SInv} (Okawaru gifted it to you in the Dungeon)
  2737 | D        | Bought a potion of heal wounds for 90 gold pieces
  2737 | D        | Bought a scroll of blinking for 135 gold pieces
  2743 | D        | Bought an encrusted scale mail for 207 gold pieces
  2746 | D        | Bought a scroll of enchant weapon for 90 gold pieces
  2746 | D        | Bought a scroll of enchant weapon for 90 gold pieces
  2854 | D        | Noticed Grum
  2870 | D        | Killed Grum
  2959 | D        | Got the +6 scimitar of Compound Interest {antimagic, Str+5 Dex+2}
  2966 | D        | Got the +0 pair of gloves "Zaddohodd" {rPois rCorr Int-4 Dex+3}
  3011 | D        | Identified the cursed +0 scale mail of Decompression {Int+3 Dex+2} (You bought it in a shop in the Dungeon)
  3062 | D        | Noticed a stone giant
  3064 | D        | Noticed a white very ugly thing
  3066 | D        | Received a gift from Okawaru
  3067 | D        | Noticed a rakshasa
  3074 | D        | Noticed a rakshasa
  3088 | D        | Killed a stone giant
  3100 | D        | HP: 5/102 [white very ugly thing (36)]
  3101 | D        | Mangled by a white very ugly thing

Skill      XL: |  1  2  3  4  5  6  7  8  9 10 11 12 |
---------------+-------------------------------------+-----
Shields        | 4 5 6 7 8 10 11 12 | 12.9
Long Blades    | 2 3 4 6 7 9 11 13 16 | 16.9
Armour         | 3 4 5 6 7 8 9 10 | 10.8
Fighting       | 4 5 6 7 8 9 10 11 12 | 12.1
Dodging        | 1 3 4 5 6 7 8 |  8.4
Stealth        | 1 |  1.2
Invocations    | 4 6 9 11 14 | 14.6

Action                   |  1- 3 |  4- 6 |  7- 9 | 10-12 || total
-------------------------+-------+-------+-------+-------++-------
Melee: Long sword        |    52 |    40 |       |    19 ||   111
       Scimitar          |       |    21 |   108 |   299 ||   428
Invok: Heroism           |       |       |     1 |     6 ||     7
Evoke: Wand              |       |       |     2 |     5 ||     7
  Use: Potion            |     2 |       |     3 |     3 ||     8
       Scroll            |       |       |       |     1 ||     1
  Eat: Bread ration      |       |       |     1 |       ||     1
       Meat ration       |       |       |       |     1 ||     1
Armor: Scale mail        |    26 |    18 |       |       ||    44
       Plate armour      |       |       |    21 |    70 ||    91
       Fire dragon armou |       |       |       |     6 ||     6
Dodge: Dodged            |    16 |    21 |    32 |    86 ||   155
Block: Shield            |    27 |    24 |    36 |   146 ||   233
